 Dungeon Crawl Stone Soup version 0.31-a0-672-g7da72447bb (webtiles) character file.

Game seed: 9098862224220041681

129143 Joey1 the Warrior (level 16, -7/162 HPs)
             Began as a Minotaur Berserker on Sept 4, 2023.
             Was a High Priest of Trog.
             Killed from afar by a deep elf annihilator (51 damage)
             ... with an entropic shot
             ... on level 3 of the Elven Halls.
             The game lasted 01:58:38 (25859 turns).

Joey1 the Warrior (Minotaur Berserker)             Turns: 25859, Time: 01:58:38

Health: -7/162     AC: 24    Str: 32    XL:     16   Next: 50%
Magic:  15/15      EV: 11    Int:  4    God:    Trog [*****.]
Gold:   1182       SH: 21    Dex: 11    Spells: 15/15 levels left

rFire   + . .        z - +9 broad axe (flame)
rCold   + . .        t - +5 kite shield of the Fiddle {rElec rC+}
rNeg    . . .        D - +2 plate armour {Will+}
rPois   .            (helmet restricted)
rElec   +            I - +2 cloak
rCorr   +            K - +2 pair of gloves {Str+3}
SInv    .            n - +0 pair of boots
Will    ++...        U - amulet of reflection Stlth
                     s - ring "Vysod" {rCorr Slay+6}
HPRegen 0.47/turn    P - ring of protection from fire
MPRegen 0.14/turn

%: reflection
@: lethally poisoned (-7 -> -8)
A: horns 2, retaliatory headbutt
a: Renounce Religion, Berserk, Trog's Hand, Brothers in Arms


You were on level 3 of the Elven Halls.
You worshipped Trog.
Trog was extremely pleased with you.
You visited 4 branches of the dungeon, and saw 21 of its levels.
You also visited: Gauntlet and Volcano.

You collected 2442 gold pieces.
You spent 1260 gold pieces at shops.

Inventory:

Hand Weapons
 v - a +4 antimagic broad axe
 z - a +9 broad axe of flaming (weapon)
Missiles
 a - 11 javelins
 u - 23 boomerangs
 V - a throwing net
Armour
 d - a +1 tower shield of poison resistance
 n - a +0 pair of boots (worn)
 t - the +5 kite shield of the Fiddle (worn) {rElec rC+}
   (You found it in a Gauntlet)

   rC+:       It protects you from cold.
   rElec:     It insulates you from electricity.
 D - a +2 plate armour of willpower (worn)
 I - a +2 cloak (worn)
 K - a +2 pair of gloves of strength (worn)
 W - a +2 plate armour of fire resistance
Jewellery
 s - the ring "Vysod" (left hand) {rCorr Slay+6}
   (You found it in a Gauntlet)

   [ring of resist corrosion]

   Slay+6:    It affects your accuracy & damage with ranged weapons and melee
   (+6).
   rCorr:     It protects you from acid and corrosion.
 E - a ring of flight
 G - a ring of positive energy
 N - a +6 ring of intelligence
 O - a ring of protection from cold
 P - a ring of protection from fire (right hand)
 R - a +4 ring of protection
 U - an amulet of reflection (around neck)
 Z - the ring "Poynekh" {rF+ MP+9 Str-4 Int+2 Dex+6}
   (You found it in a Gauntlet)

   [ring of dexterity]

   Str-4:     It affects your strength (-4).
   Int+2:     It affects your intelligence (+2).
   Dex+6:     It affects your dexterity (+6).
   rF+:       It protects you from fire.
   MP+9:      It affects your magic capacity (+9).
Wands
 y - a wand of flame (5)
 H - a wand of acid (23)
 J - a wand of roots (9)
Scrolls
 b - 2 scrolls of poison
 c - 5 scrolls of immolation
 j - a scroll of acquirement
 r - a scroll of fog
 x - a scroll of fear
 A - 7 scrolls of teleportation
 C - 2 scrolls of blinking
 M - a scroll of silence
 S - 2 scrolls of butterflies
 T - a scroll of revelation
Potions
 e - a potion of might
 f - 4 potions of magic
 g - 7 potions of curing
 h - 7 potions of mutation
 i - 3 potions of lignification
 k - 3 potions of cancellation
 l - 5 potions of brilliance
 m - 2 potions of attraction
 q - 3 potions of resistance
 w - 2 potions of enlightenment
 B - 4 potions of haste
 F - a potion of degeneration {unknown}
 L - 3 potions of ambrosia {unknown}
 Q - 2 potions of berserk rage {unknown}
 X - a potion of heal wounds {unknown}
Miscellaneous
 o - a phial of floods
 p - a tin of tremorstones (1/2)
 Y - a lightning rod (4/4)


   Skills:
 - Level 20.0 Fighting
 - Level 18.0 Axes
 - Level 10.0 Armour
 - Level 10.0 Dodging
 - Level 10.0 Shields
 + Level 13.7 Evocations


You had 15 spell levels left.
You didn't know any spells.
Your spell library was empty.

Dungeon Overview and Level Annotations

Branches:
Dungeon (11/15)            Temple (0/1) D:4            Lair (5/5) D:10
  Swamp (0/4) Lair:3       Spider (0/4) Lair:3        Slime (0/5) Lair:4
    Orc (2/2) D:10            Elf (3/3) Orc:2       Volcano (visited)
Gauntlet (visited)

Altars:
Cheibriados
Elyvilon
Fedhas
Kikubaaqudgha
Nemelex Xobeh
Okawaru
Qazlal
Ru
Sif Muna
Uskayaw
Vehumet
Wu Jian
The Shining One
Jiyva
Lugonu

Shops:
Orc:1 (?(*   Orc:2 *:?(   Elf:1 (*

Portals:
Abyss: Lair:5

Annotations:
D:7 1 runed translucent door, Crazy Yiuf
Lair:4 1 runed translucent door
Elf:2 1 runed translucent door


Innate Abilities, Weirdness & Mutations

You have a pair of horns on your head.
You reflexively headbutt those who attack you in melee.


Message History

The deep elf archer wields a +2 dagger of venom.
It begins to drip with poison!
You block the deep elf archer's attack.
You completely miss the deep elf archer.
The deep elf archer is moderately wounded.
The deep elf archer hits you with a +2 dagger of venom.
You are poisoned.
You slash the deep elf archer! You burn the deep elf archer.
Your headbutt misses the deep elf archer.
The deep elf archer is heavily wounded.
You feel sick.
You barely miss the deep elf archer.
Your headbutt misses the deep elf archer.
The deep elf archer is heavily wounded.
You feel sick.
The deep elf archer hits you with a +2 dagger of venom.
You slash the deep elf archer! You burn the deep elf archer.
You headbutt the deep elf archer!
You kill the deep elf archer!
Trog accepts your kill.
Trog appreciates your killing of a magic user.
You feel sick.
You feel sick.
The deep elf annihilator gestures at you while chanting.
The bolt of lightning hits you. You resist. The bolt of lightning hits you!
You resist.
You feel sick.
You hit the deep elf annihilator. You burn the deep elf annihilator.
Your headbutt misses the deep elf annihilator.
The deep elf annihilator is lightly wounded.
You feel sick.
The deep elf annihilator casts a spell at you.
The crystal spear hits you!!!!
* * * LOW HITPOINT WARNING * * *
Your two-headed ogre goes berserk!
You feel sick.
You block the deep elf annihilator's attack.
You feel sick.
The deep elf annihilator points at you and mumbles some strange words.
The entropic shot hits you!!!
You die...

#.# #.# ##.## #.# ##...##
#.# . #.....########.# ...
###...#.........#
.....###.##.#########
......ee.O..# .....###.####
... #@# . #)# #.# #.# #)#
##########
#######.###........#
########........##.######.#
#........##..#).##.######.#
#.#####..##.....##.#...##.#


You could see a deep elf annihilator (ally target) and a friendly two-headed
ogre (summoned, berserk).

Vanquished Creatures
  A deep elf blademaster (Elf:2)
  Agnes (Elf:2)
  A deep elf sorcerer (Elf:1)
  A deep elf elementalist (Elf:2)
  An orc warlord (Orc:1)
  A deep elf demonologist (Elf:2)
  A deep elf annihilator (Elf:1)
  Fannar (D:10)
  7 hydras
  2 centaur warriors (Orc:2)
  A boulder beetle (Lair:4)
  4 death yaks
  24 dancing weapons
  5 two-headed ogres
  3 thrashing horrors (Lair:5)
  A hell knight (Volcano)
  17 deep elf knights
  Urug (Orc:1)
  A skyshark (Lair:3)
  3 orc knights (Orc:2)
  Pikel (D:7)
  22 deep elf zephyrmancers
  2 lindwurms (Lair:5)
  16 deep elf archers
  27 deep elf pyromancers
  2 orc sorcerers
  2 ugly things (Lair:5)
  13 elephants
  2 oklob plants (Lair:3)
  A torpor snail (Lair:4)
  2 molten gargoyles (Volcano)
  Maurice (Orc:1)
  7 black mambas
  2 smoke demons (Lair:5)
  12 cane toads
  11 komodo dragons
  4 rime drakes
  2 ice devils (Gauntlet)
  A troll (D:8)
  A meliai (shapeshifter) (Elf:2)
  3 polar bears
  A tyrant leech (Lair:3)
  A hornet (Lair:3)
  2 raiju (Lair:5)
  24 blink frogs
  A jumping spider (shapeshifter) (Lair:5)
  A shadow (D:10)
  A ynoxinul (Lair:5)
  2 spriggans (Lair:5)
  2 air elementals
  A water elemental (Elf:3)
  A vampire (D:10)
  2 wraiths
  Eustachio (D:5)
  8 wyverns
  2 fire bats (Volcano)
  20 yaks
  9 basilisks
  10 small abominations (Lair:5)
  A fire elemental (Elf:1)
  3 wargs
  4 chaos spawn (Lair:5)
  9 swamp worms
  An acid dragon (D:6)
  8 water moccasins
  5 black bears
  34 orc warriors
  3 ice beasts
  2 sky beasts (D:8)
  7 ogres
  31 wolves
  12 centaurs
  2 phantoms
  18 bullfrogs
  3 kobold brigands
  3 scorpions
  2 earth elementals
  6 wights
  4 killer bees (D:10)
  6 howler monkeys
  8 lava snakes
  6 hounds
  2 jellies
  2 gnoll boudas (Orc:1)
  14 orc priests
  2 iguanas
  17 orc wizards
  3 hell rats (Lair:4)
  Robin (D:2)
  8 gnolls (Orc:1)
  8 river rats (Lair:4)
  11 adders
  A shadow imp (D:6)
  6 white imps
  3 worms
  4 dart slugs
  57 orcs
  5 ball pythons
  11 bats
  7 endoplasms
  2 giant cockroaches (D:2)
  16 goblins
  7 hobgoblins
  2 jackals (D:5)
  5 quokkas
  A frilled lizard (D:2)
  21 kobolds
  15 rats
  A butterfly (Lair:4)
710 creatures vanquished.

Vanquished Creatures (collateral kills)
  A minotaur (Gauntlet)
  A deep elf high priest (Elf:1)
  An ogre mage (Volcano)
  2 two-headed ogres (Volcano)
  A dancing weapon (Elf:1)
  A deep elf knight (Elf:1)
  3 deep elf archers (Elf:1)
  A tyrant leech (Gauntlet)
  A culicivora (shapeshifter) (Elf:1)
  2 swamp worms (Gauntlet)
14 creatures vanquished.

Vanquished Creatures (others)
  A deep elf knight (Elf:3)
  A human (D:7)
2 creatures vanquished.

Grand Total: 726 creatures vanquished

Notes
Turn   | Place    | Note
-------+----------+-------------------------------------------
     0 | D:1      | Joey1 the Minotaur Berserker began the quest for the Orb.
     0 | D:1      | Reached XP level 1. HP: 19/19 MP: 0/0
   250 | D:1      | Reached XP level 2. HP: 26/27 MP: 1/1
   419 | D:1      | Reached skill level 4 in Fighting
   855 | D:2      | Reached XP level 3. HP: 32/33 MP: 2/2
   867 | D:2      | Noticed Robin
   869 | D:2      | Reached ** piety under Trog
   891 | D:2      | Killed Robin
  1061 | D:2      | Reached XP level 4. HP: 34/41 MP: 3/3
  1725 | D:2      | Reached XP level 5. HP: 47/47 MP: 4/4
  2186 | D:3      | Reached skill level 5 in Fighting
  2192 | D:3      | Found a radiant altar of Vehumet.
  2194 | D:3      | Found a snail-covered altar of Cheibriados.
  2279 | D:3      | Reached skill level 5 in Axes
  2339 | D:3      | Found a stormy altar of Qazlal.
  2692 | D:4      | Noticed a phantom
  3058 | D:4      | Reached XP level 6. HP: 56/56 MP: 5/5
  3062 | D:4      | Found a staircase to the Ecumenical Temple.
  3104 | D:4      | Reached skill level 5 in Dodging
  3319 | D:4      | Found a glowing golden altar of the Shining One.
  3328 | D:4      | Found a hide-covered altar of Uskayaw.
  3330 | D:4      | Found a blossoming altar of Fedhas.
  3548 | D:5      | Entered Level 5 of the Dungeon
  3562 | D:5      | Noticed Eustachio
  3573 | D:4      | Reached XP level 7. HP: 26/61 MP: 6/6
  3843 | D:5      | Reached *** piety under Trog
  4093 | D:5      | Killed Eustachio
  4142 | D:5      | Found an ornate altar of the Wu Jian Council.
  4245 | D:5      | Reached XP level 8. HP: 68/68 MP: 7/7
  4247 | D:5      | Reached skill level 10 in Axes
  4895 | D:6      | Found a white marble altar of Elyvilon.
  5547 | D:6      | Reached XP level 9. HP: 74/74 MP: 8/8
  5897 | D:7      | Noticed a two-headed ogre
  5984 | D:7      | Found a sparkling altar of Nemelex Xobeh.
  6039 | D:7      | Found an ancient bone altar of Kikubaaqudgha.
  6413 | D:7      | Killed a two-headed ogre
  6414 | D:7      | Reached skill level 7 in Fighting
  6621 | D:7      | Noticed Pikel
  6640 | D:7      | Killed Pikel
  6641 | D:7      | Reached skill level 9 in Fighting
  6718 | D:7      | Found a runed translucent door.
  6719 | D:7      | Noticed Crazy Yiuf
  7117 | D:8      | Reached **** piety under Trog
  7129 | D:8      | Reached XP level 10. HP: 93/93 MP: 9/9
  7203 | D:8      | Noticed a two-headed ogre
  7211 | D:8      | Killed a two-headed ogre
  7212 | D:8      | Reached skill level 10 in Fighting
  8111 | D:9      | Found a sacrificial altar of Ru.
  8224 | D:9      | Reached skill level 5 in Armour
  8516 | D:10     | Entered Level 10 of the Dungeon
  8553 | D:10     | Found a staircase to the Lair.
  8555 | D:10     | Noticed an elephant
  8581 | D:10     | Killed an elephant
  8587 | D:10     | Reached skill level 15 in Axes
  8847 | D:10     | Found a staircase to the Orcish Mines.
  9085 | D:10     | Found an iron altar of Okawaru.
  9099 | D:10     | Noticed a two-headed ogre
  9109 | D:10     | Killed a two-headed ogre
  9110 | D:10     | Reached XP level 11. HP: 99/99 MP: 10/10
  9222 | D:10     | Noticed Fannar
  9240 | D:10     | Killed Fannar
  9743 | Lair:1   | Entered Level 1 of the Lair of Beasts
  9827 | Lair:1   | Reached skill level 11 in Fighting
  9840 | Lair:1   | Found a transporter.
  9854 | Lair:1   | Found a transporter.
 10248 | Lair:1   | Reached skill level 12 in Fighting
 10666 | Lair:1   | Reached skill level 13 in Fighting
 11348 | Lair:2   | Reached skill level 14 in Fighting
 11399 | Lair:2   | Noticed a five-headed hydra
 11521 | Lair:2   | Found a gate leading to a gauntlet.
 11525 | Gauntlet | Entered a Gauntlet
 11525 | Gauntlet | Found a transporter.
 11525 | Gauntlet | Found a runed translucent door.
 11525 | Gauntlet | Found a runed translucent door.
 11532 | Gauntlet | Found a transporter.
 11534 | Gauntlet | Found a transporter.
 11549 | Gauntlet | Found a transporter.
 11551 | Gauntlet | Found a transporter.
 11553 | Gauntlet | Noticed a death yak
 11553 | Gauntlet | Noticed a death drake
 11554 | Gauntlet | Noticed a death yak
 11555 | Gauntlet | Noticed a death yak
 11560 | Gauntlet | Found a transporter.
 11573 | Gauntlet | Noticed a death yak
 11573 | Gauntlet | Noticed a death yak
 11575 | Gauntlet | Noticed a death yak
 11576 | Gauntlet | Found a transporter.
 11590 | Gauntlet | Found a transporter.
 11610 | Gauntlet | Found a transporter.
 11612 | Gauntlet | Noticed a hell hog
 11618 | Gauntlet | Found a transporter.
 11623 | Gauntlet | Found a runed translucent gate.
 11624 | Gauntlet | Found a transporter.
 11624 | Gauntlet | Found a runed translucent gate.
 11625 | Gauntlet | Found a runed translucent gate.
 11625 | Gauntlet | Found a transporter.
 11658 | Gauntlet | Found a transporter.
 11672 | Gauntlet | Found a transporter.
 12405 | Gauntlet | Identified the ring "Poynekh" {rF+ MP+9 Str-4 Int+2 Dex+6}
 12411 | Gauntlet | Identified the ring "Vysod" {rCorr Slay+6}
 12424 | Gauntlet | Noticed a minotaur
 12433 | Gauntlet | Killed a minotaur
 12434 | Gauntlet | Reached skill level 15 in Fighting
 12434 | Gauntlet | Reached XP level 12. HP: 99/119 MP: 11/11
 12586 | Gauntlet | Identified the +5 kite shield of the Fiddle {rElec rC+}
 12683 | Lair:2   | Noticed a seven-headed hydra
 12688 | Lair:2   | Killed a seven-headed hydra
 12991 | Lair:2   | Killed a five-headed hydra
 12992 | Lair:2   | Reached skill level 5 in Shields
 14068 | Lair:3   | Found a staircase to the Swamp.
 14223 | Lair:3   | Noticed a four-headed hydra
 14234 | Lair:3   | Killed a four-headed hydra
 14294 | Lair:3   | Found a blossoming altar of Fedhas.
 14348 | Lair:3   | Found a dark tunnel.
 14353 | Volcano  | Entered a volcano
 14746 | Volcano  | Found a burning altar of Makhleb.
 14746 | Volcano  | Noticed a two-headed ogre
 14746 | Volcano  | Noticed an ogre mage
 14746 | Volcano  | Noticed a two-headed ogre
 14746 | Volcano  | Noticed a two-headed ogre
 14753 | Volcano  | Killed a two-headed ogre
 14755 | Volcano  | Killed a two-headed ogre
 14757 | Volcano  | Killed an ogre mage
 14760 | Volcano  | Killed a two-headed ogre
 14976 | Volcano  | Noticed a two-headed ogre
 14983 | Volcano  | Killed a two-headed ogre
 14984 | Volcano  | Reached skill level 10 in Shields
 14984 | Volcano  | Reached XP level 13. HP: 124/126 MP: 12/12
 15383 | Lair:3   | Found a hole to the Spider Nest.
 15728 | Lair:4   | Reached skill level 1 in Evocations
 16003 | Lair:4   | Reached skill level 5 in Evocations
 16019 | Lair:4   | Reached ***** piety under Trog
 16588 | Lair:4   | Identified a scroll of acquirement
 16748 | Lair:4   | Received a gift from Trog
 16789 | Lair:4   | Found a runed translucent door.
 16789 | Lair:4   | Found a viscous altar of Jiyva.
 16790 | Lair:4   | Found a staircase to the Slime Pits.
 16790 | Lair:4   | Noticed an acid blob
 16943 | Lair:5   | Entered Level 5 of the Lair of Beasts
 17148 | Lair:5   | Reached XP level 14. HP: 135/135 MP: 13/13
 17382 | Lair:5   | Reached skill level 10 in Evocations
 17728 | Lair:5   | Reached skill level 16 in Fighting
 18124 | Lair:5   | Reached skill level 17 in Fighting
 18141 | Lair:5   | Found a corrupted altar of Lugonu.
 18141 | Lair:5   | Found a one-way gate to the infinite horrors of the Abyss.
 18596 | Orc:1    | Entered Level 1 of the Orcish Mines
 18603 | Orc:1    | Identified the +7 quarterstaff "Haowopteg" {antimagic,
                  | rElec rN+++ Will- Str-5} (Trog gifted it to you on level 1
                  | of the Orcish Mines)
 18603 | Orc:1    | Received a gift from Trog
 19099 | Orc:1    | Noticed Urug
 19105 | Orc:1    | Killed Urug
 19129 | Orc:1    | Found Daoliat's Weapon Emporium.
 19334 | Orc:1    | Noticed Maurice
 19335 | Orc:1    | Noticed an orc warlord
 19347 | Orc:1    | Killed Maurice
 19353 | Orc:1    | Killed an orc warlord
 19354 | Orc:1    | Reached skill level 18 in Fighting
 19537 | Orc:1    | Found a transporter.
 19537 | Orc:1    | Found Enliof's Antique Weapon Boutique.
 19551 | Orc:1    | Found Qoiseuby's General Store.
 19610 | Orc:1    | Found Hayn's Magic Scroll Shop.
 19613 | Orc:1    | Bought a scroll of identify for 36 gold pieces
 19613 | Orc:1    | Bought a scroll of identify for 36 gold pieces
 19613 | Orc:1    | Bought a scroll of identify for 36 gold pieces
 19613 | Orc:1    | Bought a scroll of teleportation for 54 gold pieces
 19753 | Orc:1    | Found a transporter.
 19772 | Orc:2    | Entered Level 2 of the Orcish Mines
 20024 | Orc:2    | Reached ****** piety under Trog
 20320 | Orc:2    | Received a gift from Trog
 20419 | Orc:2    | Found Geoleo's Book Emporium.
 20419 | Orc:2    | Found Jyssigin's Magic Scroll Shop.
 20421 | Orc:2    | Found Jiylunaer's Weapon Boutique.
 20422 | Orc:2    | Found Leje's General Store.
 20430 | Orc:2    | Bought a scroll of brand weapon for 161 gold pieces
 20435 | Orc:2    | Bought a scroll of identify for 34 gold pieces
 20435 | Orc:2    | Bought a scroll of teleportation for 51 gold pieces
 20435 | Orc:2    | Bought a scroll of identify for 34 gold pieces
 20435 | Orc:2    | Bought a scroll of identify for 34 gold pieces
 20438 | Orc:2    | Bought 2 potions of haste for 340 gold pieces
 20464 | Orc:2    | Found a staircase to the Elven Halls.
 20734 | Orc:2    | Paralysed by an orc sorcerer for 5 turns
 20962 | Elf:1    | Entered Level 1 of the Elven Halls
 20974 | Elf:1    | Reached skill level 19 in Fighting
 21053 | Elf:1    | Reached XP level 15. HP: 91/152 MP: 14/14
 21468 | Elf:1    | Reached skill level 20 in Fighting
 21479 | Elf:1    | Received a gift from Trog
 21647 | Elf:1    | Found Vastrum's Weapon Emporium.
 21652 | Elf:1    | Found Yxeoses's General Store.
 21659 | Elf:1    | Bought a +1 plate armour of willpower for 420 gold pieces
 21659 | Elf:1    | Bought a scroll of identify for 24 gold pieces
 21708 | Elf:1    | Noticed a deep elf sorcerer
 21725 | Elf:1    | Killed a deep elf sorcerer
 22339 | Elf:2    | Reached skill level 10 in Dodging
 22516 | Elf:2    | Received a gift from Trog
 22538 | Elf:2    | Reached skill level 10 in Armour
 22780 | Elf:2    | Paralysed by an air elemental for 1 turns
 23072 | Elf:2    | Found a runed translucent door.
 23098 | Elf:2    | Found a runed translucent door.
 23239 | Elf:2    | Found a shimmering blue altar of Sif Muna.
 23548 | Elf:2    | Noticed a deep elf blademaster
 23558 | Elf:2    | Killed a deep elf blademaster
 23559 | Elf:2    | Reached XP level 16. HP: 146/162 MP: 5/15
 23772 | Elf:2    | Noticed Agnes
 23781 | Elf:2    | Killed Agnes
 24360 | Elf:2    | Received a gift from Trog
 24444 | Elf:2    | Found a runed translucent door.
 24856 | Elf:2    | Found a shimmering blue altar of Sif Muna.
 25248 | Elf:3    | Entered Level 3 of the Elven Halls
 25836 | Elf:3    | Paralysed by an air elemental for 1 turns
 25859 | Elf:3    | Killed from afar by a deep elf annihilator

Illustrated notes

Levels and vault maps discovered:
D:1:      zaba_arrival_water, layout_loops_cross
D:2:      layout_basic, serial_rivers, chequers_serial_rivers_micro_b,
          chequers_serial_rivers_small_b, chequers_serial_rivers_small_b,
          chequers_serial_rivers_small_a, chequers_serial_rivers_micro_b,
          chequers_serial_rivers_small_b, kennysheep_decorative_pillar,
          minmay_mini_jars, uniq_robin
D:3:      layout_loops_ring, mainiacjoe_overflow_catwalk_spiral,
          mainiacjoe_overflow_alcove_1, minmay_fractal_squares_diagonal_5
D:4:      layout_loops_ring, gammafunk_temple_overflow_forgotten,
          minmay_temple_entry_stoned_glass, kennysheep_generic_room_7
D:5:      layout_basic, nicolae_overflow_hidden_temple, uniq_eustachio
D:6:      layout_basic, elyvilon_altar_5
D:7:      layout_gridville, tgw_kikubaaqudgha, nemelex_dance_club_becter,
          eino_curves_03, minivault_25, uniq_crazy_yiuf_cottage, uniq_pikel
D:8:      layout_basic, hangedman_abyss_or_decor_stagger, dk_noncrumbling_3
D:9:      minmay_evil_eye, layout_rooms, old_standard_altar
D:10:     layout_big_octagon, mainiacjoe_overflow_alcove_2, david_lair_generic,
          minmay_orc_entry_temple_small, kennysheep_generic_room_13, uniq_fannar
D:11:     layout_stronghold, uniq_sonja
Lair:1:   gammafunk_worm_tunnel, layout_regular_city, gammafunk_lair_bear_cave
Lair:2:   layout_regular_city, gauntlet_entry_generic, fungi_pond_lemuel,
          nicolae_lair_lil_pond, cheibrodos_lair_caveside_slide,
          chequers_serial_rivers_room_b, st_stairs_4
Lair:3:   layout_chaotic_city, minmay_swamp_entry_worms,
          spider_nest_entry_web_field, nicolae_volcano_entry_s_turn,
          st_stairs_3, hangedman_tree_tricks, minivault_11, serial_bayou_pond_b,
          grunt_megastairs_1
Lair:4:   layout_gridlike, slime_entry_2, kennysheep_abandoned_house,
          lemuel_fruit_tree, lemuel_fruit_fields, wad_woods_river_01
Lair:5:   hellmonk_lair_end_abyssal_woods, layout_regular_city,
          nicolae_lair_lindhole, lemuel_fruit_fields
Orc:1:    nicolae_orc_accident_2, layout_caves, serial_shops,
          nicolae_shop_drivethru, nicolae_shop_rolled_up,
          nicolae_shop_pleasant_corner_grove, nicolae_shop_back_alley_shop,
          mines_bat_river, uniq_urug, uniq_maurice
Orc:2:    st_orc_rangers, layout_diamond_mine, basic_altar, mines2_david
Elf:1:    eino_elf_arrival_customs, layout_loops_ring,
          kennysheep_underground_church, minmay_shop_star
Elf:2:    elven_hall_of_blades_hangedman_original
          [nicolae_blade_entry_splitting_headache], layout_loops_corners,
          basic_altar, amethyst_killhole, uniq_agnes
Elf:3:    minmay_elf_hall_statues, layout_loops_corners,
          nicolae_elf_glass_and_crystal_pillar_1, onia_ninara_cookie,
          uniq_norris

Skill      XL: |  1  2  3  4  5  6  7  8  9 10 11 12 13 14 15 16 |
---------------+-------------------------------------------------+-----
Fighting       | 4 5 9 10 15 19 20 | 20.0
Axes           | 4 5 7 9 13 14 15 16 17 18 | 18.0
Armour         | 3 5 10 | 10.0
Dodging        | 3 4 5 8 10 | 10.0
Shields        | 10 | 10.0
Evocations     | 9 10 11 13 | 13.7

Action                     |  1- 3 |  4- 6 |  7- 9 | 10-12 | 13-15 | 16-18 || total
---------------------------+-------+-------+-------+-------+-------+-------++-------
  Melee: Hand axe          |    74 |   113 |   195 |   553 |   296 |       ||  1231
         Headbutt          |    11 |    23 |    40 |   124 |   184 |    22 ||   404
         Punch             |     1 |       |       |     6 |       |       ||     7
         Morningstar       |       |       |       |    17 |     9 |       ||    26
         War axe           |       |       |       |       |   326 |       ||   326
         Broad axe         |       |       |       |       |   232 |   105 ||   337
  Throw: Stone             |       |     3 |       |     6 |       |       ||     9
 Invoke: Berserk           |     1 |     2 |     5 |     6 |     3 |       ||    17
         Trog's Hand       |       |       |       |     2 |     3 |       ||     5
         Brothers in Arms  |       |       |       |     3 |     2 |     2 ||     7
  Evoke: Tin of tremorston |       |       |       |       |     2 |     2 ||     4
         Lightning rod     |       |       |       |       |       |     1 ||     1
    Use: Scroll            |       |       |       |    15 |    19 |     1 ||    35
         Potion            |       |       |       |       |       |     1 ||     1
   Stab: Sleeping          |     1 |     1 |       |       |       |       ||     2
 Armour: Animal skin       |    33 |    23 |       |       |       |       ||    56
         Leather armour    |       |    13 |       |       |       |       ||    13
         Ring mail         |       |    20 |    33 |       |       |       ||    53
         Scale mail        |       |       |    18 |       |       |       ||    18
         Acid dragon scale |       |       |    32 |    35 |       |       ||    67
         Skin              |       |       |     4 |       |       |       ||     4
         Plate armour      |       |       |       |   321 |   391 |    75 ||   787
  Dodge: Dodged            |    50 |    62 |    62 |   139 |   150 |    12 ||   475
  Block: Other             |       |       |       |    25 |       |       ||    25
         Kite shield       |       |       |       |   107 |   732 |    66 ||   905
         Reflection        |       |       |       |    11 |   120 |    19 ||   150

Table legend: (Time is in decaauts)
 A = Elapsed time spent in this place.
 B = Non-inter-level travel time spent in this place.
 C = Inter-level travel time spent in this place.
 D = Time resting spent in this place.
 E = Time spent auto-exploring this place.
 F = Levels seen in this place.
 G = Mean time per level.
                   A        B        C        D        E       F      G
               +--------+--------+--------+--------+--------+-----+--------+
         Total |  25613 |  24011 |   1602 |   4691 |  13280 |  23 | 1113.6 |
       Dungeon |  10037 |   9278 |    759 |   1573 |   5986 |  11 |  912.5 |
          Lair |   6931 |   6435 |    496 |    706 |   3731 |   5 | 1386.2 |
  Orcish Mines |   1987 |   1847 |    140 |    215 |   1192 |   2 |  993.5 |
   Elven Halls |   4894 |   4688 |    206 |   1185 |   2370 |   3 | 1631.3 |
       Volcano |    677 |    677 |      0 |    276 |      0 |   1 |  677.0 |
      Gauntlet |   1085 |   1085 |      0 |    735 |      0 |   1 | 1085.0 |
               +--------+--------+--------+--------+--------+-----+--------+

Top non-repeatable levels by time:
   Elf:2: 2965 daAuts
  Lair:1: 1989 daAuts
  Lair:5: 1472 daAuts
   Elf:1: 1397 daAuts
    D:10: 1393 daAuts
     D:2: 1235 daAuts
  Lair:2: 1201 daAuts
  Lair:4: 1189 daAuts
     D:6: 1169 daAuts
     D:5: 1148 daAuts
     D:7: 1107 daAuts
     D:4: 1098 daAuts
Gauntlet: 1085 daAuts
  Lair:3: 1078 daAuts
   Orc:2: 1007 daAuts
